Map: Bel'Shir Vestige LE (Void)

Players

niceq

  • Race: Terran Terran
  • Spawn Location: 5:00

ParanOid - Winner!

  • Race: Zerg Zerg
  • Spawn Location: 11:00

Event: IEM XI Katowice - World Championship 2017

VOD

Have the link to the VOD?

Description

Time

  • Played on: Feb. 28, 2017, 4:21 a.m.
  • Length: 15:58

All games in this series

Show
View Real Time Build Order
Export as new Build Order

niceq Terran 

Build Orders: Hellion Opening, Reaper Expand, MMM Bio 

Get SALT Encoding   

  12  0:00  SCV  
  13  0:12  SCV  
  14  0:17  Supply Depot  
  14  0:25  SCV  
  14  0:28  Refinery  
  15  0:39  SCV  
  16  0:45  Barracks  
  16  0:51  SCV  
  17  1:03  SCV  
  18  1:15  SCV  
  19  1:31  Reaper  
  19  1:32  Orbital Command  
  20  1:44  Command Center  
  20  1:57  SCV  
  21  2:02  Factory  
  21  2:05  Barracks Reactor  
  21  2:09  SCV  
  21  2:14  Refinery  
  22  2:18  Supply Depot  
  22  2:23  SCV  
  23  2:40  SCV  
  24  2:48  Starport  
  24  2:52  SCV  
  24  2:55  Orbital Command  
  24  2:57  Barracks Tech Lab  
  25  3:01  Hellion  
  25  3:04  SCV  
  30  3:06  Hellion  
  30  3:16  SCV  
  30  3:22  Hellion  
  34  3:27  Marine, Hellion  
  34  3:28  SCV  
  34  3:30  SCV  
  37  3:35  Raven  
  37  3:36  Supply Depot  
  37  3:40  SCV  
  40  3:44  Hellion  
  40  3:45  SCV  
  40  3:46  Marine  
  44  3:50  Hellion  
  46  3:58  SCV x2  
  46  4:02  Supply Depot  
  48  4:10  SCV x2  
  50  4:20  Command Center  
  50  4:22  SCV  
  50  4:23  Supply Depot  
  51  4:25  Stimpack  
  51  4:26  Factory Reactor  
  51  4:29  SCV  
  52  4:33  Marine  
  52  4:34  Viking  
  52  4:37  Barracks  
  55  4:41  SCV  
  55  4:42  SCV  
  57  4:45  Barracks  
  57  4:51  Marine  
  58  4:53  SCV  
  58  4:54  SCV  
  60  5:05  SCV  
  60  5:06  SCV  
  62  5:08  Marine  
  62  5:09  Starport Reactor  
  62  5:14  Factory Reactor  
  63  5:17  SCV  
  63  5:18  SCV  
  63  5:19  Engineering Bay  
  63  5:21  Engineering Bay  
  65  5:22  Refinery x2  
  65  5:25  Factory Tech Lab  
  65  5:29  SCV  
  65  5:30  SCV  
  65  5:32  Marine, SCV  
  69  5:40  Marine x2  
  69  5:41  Marine x2, SCV  
  69  5:42  SCV  
  75  5:45  Terran Infantry Weapons Level 1  
  75  5:46  Supply Depot  
  75  5:49  Siege Tank  
  79  5:50  Marine  
  79  5:53  Supply Depot, Orbital Command  
  79  5:54  SCV  
  79  5:55  SCV  
  81  5:58  Marine x2  
  81  5:59  Marine  
  81  6:00  Marine  
  85  6:08  Marine, SCV x2, Medivac x2  
  92  6:13  Supply Depot  
  92  6:18  Supply Depot  
  92  6:20  SCV  
  92  6:24  Marine x4, SCV  
  92  6:25  Siege Tank  
  101  6:29  Barracks  
  101  6:34  SCV  
  102  6:41  Marine  
  102  6:42  Marine, Medivac x2  
  102  6:45  Orbital Command  
  102  6:46  Terran Infantry Armor Level 1, Barracks  
  108  6:48  Armory, SCV  
  109  6:54  Marine, SCV  
  105  7:02  SCV  
  105  7:04  Marine x4  
  105  7:05  Siege Tank  
  105  7:06  SCV  
  112  7:14  Marine, SCV  
  112  7:15  Medivac  
  116  7:21  Marine  
  117  7:23  Medivac  
  117  7:25  SCV  
  117  7:28  Marine  
  121  7:33  Marine  
  121  7:34  Supply Depot, Bunker, Barracks Tech Lab  
  121  7:35  Supply Depot, Barracks Reactor  
  121  7:37  Marine, SCV  
  121  7:42  Marine, SCV  
  121  7:44  SCV  
  121  7:45  Medivac  
  121  7:48  Terran Infantry Weapons Level 2  
  121  7:49  Marine  
  125  7:56  Marine x3, Siege Tank, SCV  
  129  7:59  Marine  
  129  8:02  Marine  
  129  8:03  SCV  
  129  8:04  Combat Shields  
  129  8:05  SCV  
  129  8:12  Marine  
  131  8:13  Marine x3  
  131  8:17  Marauder  
  131  8:19  SCV, Command Center  
  137  8:24  Marine, Barracks x2  
  137  8:25  Marine x2  
  138  8:27  Barracks  
  138  8:29  Marine, SCV  
  138  8:31  Marine  
  138  8:33  Marine  
  141  8:35  Marauder  
  141  8:48  Supply Depot, Medivac x2, Siege Tank, Marine x5  
  149  8:50  Supply Depot  
  149  8:51  Supply Depot  
  152  8:58  Marine x2  
  152  8:59  Marauder  
  146  9:05  Marine x2  
  146  9:06  Marine  
  146  9:08  Marine  
  150  9:13  Barracks Tech Lab x2  
  150  9:14  Barracks Tech Lab  
  150  9:16  Terran Infantry Armor Level 2  
  150  9:17  Refinery, SCV  
  150  9:20  Starport  
  150  9:22  Marine x2, Refinery  
  153  9:26  Marine  
  153  9:29  Marine x4  
  153  9:30  Siege Tank, Marauder  
  163  9:34  Liberator  
  163  9:37  Marine  
  163  9:38  Marine  
  143  9:39  Marine  
  143  9:40  Marine x2  
  143  9:44  Marine  
  146  9:46  Concussive Shells  
  146  9:47  Marine x3  
  146  9:48  Marauder  
  146  9:51  Marauder  
  156  9:54  Liberator  
  156  9:55  Marine  
  156  9:56  Marine, Marauder  
  156  9:57  Marine  
  156  9:58  Marine  
  162  10:00  Starport Reactor  
  162  10:01  Marine  
  162  10:04  Marine  
  162  10:05  Marine x2  
  166  10:09  Marauder  
  166  10:13  Marauder  
  175  10:14  Marine  
  175  10:15  Marine  
  175  10:16  Marine  
  178  10:22  Marine  
  178  10:24  Marine x2  
  178  10:25  Marine x2  
  178  10:27  Siege Tank  
  178  10:28  Liberator  
  184  10:30  Marauder  
  184  10:32  Marine  
  184  10:33  Marine  
  184  10:34  Marine, Marauder  
  186  10:40  Marine  
  186  10:42  Marine x2  
  188  10:43  Marine, Barracks Tech Lab  
  188  10:44  Marauder  
  195  10:50  Marauder  
  195  10:51  Marine x3  
  195  10:55  Marauder  
  195  10:58  Marine  
  195  11:01  Marine  
  195  11:03  Marine, Marauder  
  196  11:25  Liberator  
  196  11:29  Command Center  
  196  11:32  Marine x3  
  196  11:38  Marine  
  196  11:42  Marine  
  196  11:44  Marine  
  196  11:45  Liberator  
  196  11:46  Liberator x2  
  196  11:59  Marine x2  
  196  12:00  Marine  
  196  12:07  Marine  
  196  12:08  Marine, Marauder  
  180  12:10  Marine, Marauder  
  180  12:11  Marauder  
  180  12:12  Marine  
  180  12:14  Siege Tank  
  133  12:37  Marauder  
  133  12:40  Marine  
  133  12:41  Marauder  
  123  12:54  Terran Infantry Weapons Level 3, Terran Infantry Armor Level 3  
  123  12:58  Marine, SCV  
  104  12:59  Marauder  
  104  13:02  Marine  
  103  13:14  Marine  
  103  13:15  Marine  
  103  13:16  Marine  
  97  13:20  Marauder x2  
  100  13:32  Marine x2  
  100  13:33  Marine  
  100  13:34  Marine  
  104  13:41  Marine x2  
  106  13:50  Marine x2  
  106  13:51  Marine, Marauder  
  111  13:57  SCV  
  111  13:59  Marine x2  
  114  14:08  Marine x2  
  114  14:19  Marine  
  114  14:20  Marine  
  108  14:33  Marine x2, Marauder  
  108  14:35  SCV x2  
  110  14:46  Marine, SCV  
  110  14:49  SCV  
  113  14:59  Marine  
  114  15:00  Marine  
  114  15:01  Marine  
  111  15:16  Marine  
  111  15:19  Marine x2, Marauder  
  111  15:21  SCV x2, Orbital Command  
  113  15:44  SCV  
Show
View Real Time Build Order
Export as new Build Order

ParanOid Zerg - Winner!

Build Orders: Pool First 

Get SALT Encoding   

  12  0:00  Drone  
  13  0:13  Overlord  
  13  0:18  Drone  
  14  0:32  Drone x2  
  14  0:35  Drone  
  17  0:46  Extractor, Drone  
  17  0:50  Spawning Pool  
  17  0:56  Drone  
  17  1:07  Drone  
  18  1:19  Hatchery  
  18  1:23  Drone  
  18  1:29  Drone  
  19  1:37  Queen  
  21  1:40  Zergling x2  
  22  1:49  Overlord  
  22  1:53  Metabolic Boost  
  22  2:14  Queen  
  24  2:19  Drone x2  
  26  2:22  Drone  
  26  2:31  Queen  
  26  2:32  Drone  
  26  2:34  Drone  
  30  2:42  Drone  
  31  2:45  Overlord  
  31  2:46  Drone  
  31  2:47  Drone x2  
  34  2:54  Zergling x2  
  34  2:57  Zergling x2  
  36  3:06  Drone  
  37  3:13  Drone  
  37  3:14  Drone  
  39  3:24  Drone x4  
  43  3:27  Drone  
  43  3:28  Hatchery, Overlord  
  43  3:38  Roach Warren  
  42  3:41  Drone  
  42  3:45  Evolution Chamber  
  42  3:49  Drone  
  42  3:50  Drone  
  42  3:51  Drone x5  
  49  4:01  Overlord  
  49  4:04  Extractor  
  49  4:06  Lair  
  48  4:13  Zerg Ground Armor Level 1  
  48  4:17  Overlord  
  48  4:20  Roach x2  
  52  4:27  Drone x6  
  58  4:38  Roach x2  
  62  4:40  Drone x3  
  62  4:42  Drone  
  62  4:43  Queen  
  68  4:46  Drone  
  69  4:53  Evolution Chamber, Drone  
  69  4:54  Drone  
  69  4:57  Drone x2  
  71  5:08  Zergling x6  
  71  5:09  Overlord  
  71  5:10  Glial Reconstitution  
  71  5:11  Overlord x2  
  71  5:12  Overlord  
  71  5:25  Overlord x2  
  71  5:27  Spore Crawler  
  70  5:29  Drone x6  
  70  5:34  Drone  
  70  5:35  Infestation Pit  
  74  5:44  Drone x3  
  74  5:47  Spore Crawler  
  76  5:51  Overlord  
  76  5:55  Overlord  
  76  5:58  Zerg Missile Weapons Level 1  
  76  6:02  Roach  
  76  6:03  Roach x5  
  88  6:08  Roach  
  88  6:09  Extractor  
  88  6:10  Extractor  
  86  6:17  Overseer  
  86  6:18  Drone  
  86  6:19  Drone x5  
  86  6:20  Drone  
  86  6:24  Extractor  
  86  6:25  Extractor  
  91  6:26  Ravager  
  91  6:31  Drone x9  
  100  6:40  Hatchery  
  99  6:50  Overlord x2  
  99  7:06  Drone x2  
  101  7:09  Drone x4  
  101  7:11  Hive  
  101  7:13  Spine Crawler, Spore Crawler  
  101  7:14  Zergling x18  
  112  7:16  Ravager x5  
  112  7:18  Zergling x2  
  118  7:26  Infestor  
  120  7:41  Infestor x2  
  124  7:47  Pneumatized Carapace  
  124  7:48  Hatchery  
  123  7:53  Drone x3  
  123  7:55  Zerg Melee Weapons Level 1  
  123  7:57  Zergling x8  
  123  7:58  Zergling x10  
  129  8:15  Zerg Ground Armor Level 2  
  129  8:17  Overlord x2  
  129  8:18  Overlord x8  
  129  8:20  Overlord  
  129  8:31  Queen, Ultralisk Cavern  
  130  8:34  Overlord x2  
  130  8:45  Drone x6  
  132  9:02  Zergling x6  
  132  9:03  Zergling x16  
  132  9:04  Adrenal Glands  
  132  9:05  Hatchery  
  139  9:13  Queen, Drone  
  139  9:14  Drone x3  
  145  9:21  Spore Crawler  
  145  9:22  Ultralisk  
  145  9:23  Ultralisk x2  
  133  9:39  Drone  
  133  9:40  Drone x7  
  137  9:54  Ultralisk  
  137  9:55  Ultralisk x2  
  154  10:08  Zergling x14  
  154  10:09  Zergling x12  
  167  10:21  Drone  
  167  10:36  Ultralisk x2, Zergling x2  
  167  10:37  Zergling x8  
  167  10:38  Zergling x8  
  167  10:41  Zergling x14  
  195  10:49  Spire  
  194  10:56  Extractor  
  193  10:57  Extractor  
  193  10:59  Zerg Melee Weapons Level 2  
  193  11:00  Zerg Ground Armor Level 3  
  193  11:03  Drone  
  191  11:07  Spore Crawler  
  190  11:30  Zergling x2  
  190  11:31  Zergling x12, Drone  
  190  11:32  Drone  
  199  11:34  Overlord  
  199  11:35  Overlord x2  
  187  11:49  Spore Crawler  
  178  12:02  Zergling x26  
  178  12:03  Zergling x8  
  167  12:30  Ultralisk x3, Corruptor  
  167  12:31  Corruptor  
  167  12:32  Zergling x18  
  167  12:33  Zergling x6  
  153  12:45  Ultralisk x2  
  153  12:46  Zergling x4  
  153  12:50  Zergling x4  
  153  12:51  Zergling x2  
  165  12:53  Corruptor x2  
  169  12:59  Drone x2  
  157  13:14  Corruptor x2  
  157  13:15  Corruptor x2  
  164  13:39  Baneling Nest  
  163  13:44  Corruptor  
  163  13:45  Corruptor x2  
  167  13:51  Infestor x3  
  172  14:02  Ultralisk x2  
  184  14:37  Chitinous Plating  
  184  14:38  Centrifical Hooks  
  184  14:42  Ultralisk  
  184  14:43  Zergling x6  
  184  14:44  Zergling x10  
  198  14:47  Corruptor  
  200  15:38  Baneling x6  

Tags
 
Add a new tag
Caveats
  • Supply blocks, unpowered buildings, or Contaminate may cause inaccurate times.
  • Supply counts are checked every 10 seconds.